 Dungeon Crawl Stone Soup version 0.29.1 (webtiles) character file.

Game seed: 3315656651348877137

343 olmar the Cudgeller (level 6, -3/57 HPs)
             Began as a Gargoyle Fighter on Sept 13, 2022.
             Slain by a wight
             ... wielding a +1 battleaxe of venom
              (11 damage)
             ... on level 4 of the Dungeon.
             The game lasted 00:04:22 (3641 turns).

olmar the Cudgeller (Gargoyle Fighter)              Turns: 3641, Time: 00:04:22

Health: -3/57      AC: 23    Str: 19 (21) XL:     6   Next: 57%
Magic:  6/6        EV:  2    Int: 11 (13) God:
Gold:   182        SH:  4    Dex:  6 (9)  Spells: 5/5 levels left

rFire   . . .      SeeInvis +   a - +1 flail
rCold   . . .      Faith    .   c - +0 buckler
rNeg    + . .      Spirit   .   (body armour currently unavailable)
rPois   ∞          Reflect  .   (helmet currently unavailable)
rElec   .          Harm     .   (cloak currently unavailable)
rCorr   .          Rampage  .   (gloves currently unavailable)
Will    .....      NoTele   +   (boots currently unavailable)
Stlth   +.........              (no amulet)
HPRegen 0.19/turn               n - +6 ring of intelligence
MPRegen 0.10/turn               (no ring)

@: tree-form
A: stationary, stasis, torment immunity, boosted hp, sickness immunity, AC +4,
negative energy resistance 1, (electricity resistance), torment resistance 1,
petrification resistance, see invisible, dopey 1
a: no special abilities


You were on level 4 of the Dungeon.
You were a tree.
You visited 1 branch of the dungeon, and saw 4 of its levels.

You collected 182 gold pieces.

Inventory:

Hand Weapons
 a - a +1 flail (weapon)
Armour
 b - a +0 scale mail (melded)
 c - a +0 buckler (worn)
Jewellery
 n - a +6 ring of intelligence (left branch)
Scrolls
 e - a scroll of magic mapping {unknown}
 j - a scroll of teleportation
 k - a scroll of silence
 l - a scroll of blinking {unknown}
 m - a scroll of immolation {unknown}
 o - a scroll of identify {unknown}
 r - 2 scrolls of noise {unknown}
 t - a scroll of torment {unknown}
 u - a scroll of vulnerability {unknown}
Potions
 f - a potion of mutation
 q - a potion of resistance {unknown}
 s - a potion of magic {unknown}


   Skills:
 + Level 4.3 Fighting
 + Level 4.7 Maces & Flails
 + Level 4.5 Armour
 + Level 0.6 Dodging
 + Level 0.4 Stealth
 + Level 4.2 Shields


You had 5 spell levels left.
You didn't know any spells.
Your spell library contained the following spells:

 Spells                   Type           Power      Damage    Failure   Level
 Sting                    Tmut/Pois      0%         1d3       41%         1
 Poisonous Vapours        Pois/Air       0%         N/A       56%         2
 Olgreb's Toxic Radiance  Pois           0%         N/A       99%         4


Dungeon Overview and Level Annotations

Branches:
Dungeon (4/15)
 Temple: D:4-7

Altars:
Cheibriados
Nemelex Xobeh
Xom
Yredelemnul

Annotations:
D:4 Grinder


Innate Abilities, Weirdness & Mutations

You are a tree.
Your roots penetrate the ground, keeping you stationary.
You cannot be teleported.
You are immune to unholy pain and torment.
Your maximum health is greatly increased.
Your equipment is partially melded.
You are immune to sickness and miasma.
((Your stone body is resilient. (AC +4)))
You are immune to poison.
You resist negative energy. (rN+)
((You are resistant to electric shocks. (rElec)))
You are resistant to unholy torment.
You are immune to petrification.
You have supernaturally acute eyesight. (SInv)
You are dopey. (Int -2)


Message History

You destroy the wight!
The wight hits you with a +1 battleaxe of venom!
Unknown command.
You closely miss the wight.
You feel a little less mighty now.
The wight hits you with a +1 battleaxe of venom!
* * * LOW HITPOINT WARNING * * *
Unknown command.
You hit the wight but do no damage. The wight barely misses you.
Unknown command.
Unknown command.
You feel better.
The wight hits you with a +1 battleaxe of venom!
* * * LOW HITPOINT WARNING * * *
Unknown command.
The wight attacks as you move away! The wight closely misses you.
It was a potion of degeneration.
There was something very wrong with that liquid.
You feel weakened.
You feel dopey.
You feel clumsy.
You hear the rusting of a very distant drain.
Grinder blinks!
The wight barely misses you.
Unknown command.
It was a potion of lignification.
You turn into a tree.
Your +0 scale mail melds into your body.
Your roots penetrate the ground.
The wight hits you but does no damage.
You barely miss the wight.
The wight hits you with a +1 battleaxe of venom.
* * * LOW HITPOINT WARNING * * *
You hit the wight but do no damage. You block the wight's attack.
You hit the wight.
The wight is moderately damaged.
The wight hits you but does no damage. x2
You barely miss the wight.
The wight is moderately damaged.
The wight hits you but does no damage.
A wight comes into view. It is wielding a +4 flail.
You sock the wight!
The wight is almost destroyed.
The wight hits you with a +1 battleaxe of venom!
You die...

... #...# ########........
.##.###...###.....##.#.###..
..................##...###..
......[.....................
#.................####.###..
....###...###.....# #.###..
## ###...######### #......
#.......# #l##... #.#...#♣#
#.#.... #.#...#z# #.#.### #
#...#z# #.g.#
#.###o############.#
#.##.5z).o5.... #g#
.......###zg#### #.###
.......# .# #.g.. .........
.. ##### ........# g#


You could see Grinder, 3 wights and an orc.

Vanquished Creatures
  A phantom (D:4)
  A wight (D:4)
  An orc priest (D:4)
  An iguana (D:4)
  A scorpion zombie (D:3)
  A hound zombie (D:3)
  6 adders
  A worm (D:2)
  2 dart slugs
  2 orcs
  7 ball pythons
  6 bats
  9 endoplasms
  A giant cockroach (D:2)
  5 goblins
  2 hobgoblins
  2 jackals (D:3)
  4 quokkas
  A ball python zombie (D:3)
  2 frilled lizards
  2 kobolds (D:2)
  A quokka zombie (D:3)
  3 rats
62 creatures vanquished.

Vanquished Creatures (collateral kills)
  A hobgoblin (D:4)
1 creature vanquished.

Grand Total: 63 creatures vanquished

Notes
Turn   | Place    | Note
-------+----------+-------------------------------------------
     0 | D:1      | olmar the Gargoyle Fighter began the quest for the Orb.
     0 | D:1      | Reached XP level 1. HP: 14/14 MP: 1/1
   516 | D:1      | Reached XP level 2. HP: 19/19 MP: 2/2
  1372 | D:2      | Reached XP level 3. HP: 23/23 MP: 3/3
  1663 | D:2      | Reached XP level 4. HP: 28/29 MP: 4/4
  2006 | D:2      | Found a basalt altar of Yredelemnul.
  2651 | D:3      | Reached XP level 5. HP: 21/33 MP: 5/5
  2794 | D:3      | Found a basalt altar of Yredelemnul.
  2851 | D:3      | Found a snail-covered altar of Cheibriados.
  3058 | D:3      | Found a sparkling altar of Nemelex Xobeh.
  3417 | D:3      | Found a shimmering altar of Xom.
  3457 | D:4      | Noticed a phantom
  3467 | D:4      | Killed a phantom
  3475 | D:4      | Reached XP level 6. HP: 30/38 MP: 6/6
  3587 | D:4      | Noticed Grinder
  3612 | D:4      | Gained mutation: You are dopey. (Int -2) [potion of
                  | mutation]
  3612 | D:4      | Gained mutation: You have supernaturally acute eyesight.
                  | (SInv) [potion of mutation]
  3641 | D:4      | Slain by a wight

Illustrated notes

Levels and vault maps discovered:
D:1:      lightli_arrival_farm, layout_rooms, grunt_decor_mini_mirrors
D:2:      layout_basic, basic_altar
D:3:      layout_loops_ring, nicolae_yredelemnul_corpse_copse,
          nicolae_overflow_crystal_walls, lemuel_doored_altar, led_xom_imps
D:4:      layout_loops_cross, cheibrodos_sewer_entry_bend, uniq_grinder

Skill      XL: |  1  2  3  4  5 |
---------------+----------------+-----
Maces & Flails | 3 4 |  4.7
Armour         | 4 |  4.5
Shields        | 4 |  4.2
Fighting       | 4 |  4.3
Dodging        | |  0.6
Stealth        | |  0.4

Action                   |  1- 3 |  4- 6 || total
-------------------------+-------+-------++-------
Melee: Flail             |   114 |   176 ||   290
  Use: Scroll            |       |     4 ||     4
       Potion            |       |     6 ||     6
Armor: Scale mail        |    86 |    85 ||   171
       Skin              |       |     4 ||     4
Dodge: Dodged            |    54 |    79 ||   133
Block: Buckler           |    21 |    40 ||    61
